[Event "*** SCC Grand Prix: Titled Tuesday Blitz"]
[Site "Chess.com"]
[Date "2020.10.06"]
[Round "10"]
[White "Matols"]
[Black "mapleaff"]
[Result "1-0"]
[WhiteElo "2265"]
[BlackElo "2334"]
[TimeControl "180+1"]
[EndTime "11:55:35 PDT"]
[Termination "Matols won by checkmate"]

1. d4 Nf6 2. c4 g6 3. g3 Bg7 4. Bg2 O-O 5. Nc3 c6 6. Nf3 d5 7.
b3 Ne4 8. Bb2 Nxc3 9. Bxc3 Bf5 10. O-O Be4 11. Nd2 Bxg2 12. Kxg2 dxc4 13. Nxc4 Nd7 14. e4 e6 15. Qc2 Qc7 16. Rad1 Rfd8 17. e5 Nb6 18. Nd6 Bf8 19. Ne4 Nd5 20. Bd2 Be7 21. Bh6 a5 22. h4 a4 23. h5 axb3 24. axb3 Qb6 25. hxg6 hxg6 26. Rh1 Ra3 27. Bg5 Bxg5 28.
Nxg5 Qxb3 29. Qe2 Nc3 30. Qf3 Nxd1 31. Qxf7# 1-0

[Event "*** SCC Grand Prix: Titled Tuesday Blitz"]
[Site "Chess.com"]
[Date "2020.10.06"]
[Round "10"]
[White "SamuelGhimpu2003"]
[Black "hurricane7791"]
[Result "1-0"]
[WhiteElo "2546"]
[BlackElo "2692"]
[TimeControl "180+1"]
[EndTime "11:55:40 PDT"]
[Termination "SamuelGhimpu2003 won by resignation"]

1. d4 Nf6 2. c4 e6 3. Nc3 Bb4 4. Qc2 d5 5. cxd5 exd5 6. Bf4 O-O 7. e3 c5 8. dxc5 d4 9. O-O-O Nc6 10. Nf3 Bg4 11.
Nb5 Qa5 12. Kb1 dxe3 13. a3 Bd2 14. fxe3 Bxf3 15. gxf3 Rad8 16. Bc7 b6 17. Bxd8 Rxd8 18. cxb6 Ne5 19. bxa7 Nxf3 20. b4 Qb6 21. Qc7 Qxe3 22. Qxd8+ Ne8 23. Bc4 Qe4+ 24. Qd3 1-0

[Event "*** SCC Grand Prix: Titled Tuesday Blitz"]
[Site "Chess.com"]
[Date "2020.10.06"]
[Round "10"]
[White "icychess54"]
[Black "Inga83"]
[Result "1-0"]
[WhiteElo "2284"]
[BlackElo "2408"]
[TimeControl "180+1"]
[EndTime "11:55:46 PDT"]
[Termination "icychess54 won by resignation"]

1. c4 c5 2. Nf3 Nc6 3. Nc3 g6 4. d4 cxd4 5. Nxd4 Bg7 6. e3 Nf6 7. Be2 O-O 8. O-O d6 9. b3 a6 10. Bb2 e5 11. Nc2 Qe7 12. Qd2 Rd8 13. Rfd1 Bf5 14.
Ba3 Ne8 15. Nd5 Qg5 16. Ncb4 e4 17. Bb2 Ne5 18. Kh1 a5 19. Nc2 Nxc4 20. Bxc4 Bxb2 21.
Nd4 Bxd4 22. Qxd4 a4 23. Bb5 axb3 24. Bxe8 Rxe8 25. Nf6+ Kf8 26. Nxh7+ 1-0

[Event "*** SCC Grand Prix: Titled Tuesday Blitz"]
[Site "Chess.com"]
[Date "2020.10.06"]
[Round "10"]
[White "ThePatrick27"]
[Black "PowerThinking2650"]
[Result "0-1"]
[WhiteElo "2531"]
[BlackElo "2408"]
[TimeControl "180+1"]
[EndTime "11:55:47 PDT"]
[Termination "PowerThinking2650 won by resignation"]

1. d4 Nf6 2. Nf3 g6 3. c3 Bg7 4.
Bg5 O-O 5. Nbd2 d5 6. e3 c5 7.
Bd3 h6 8. Bh4 cxd4 9. exd4 Nc6 10.
h3 Nh5 11. O-O g5 12. Bxg5 hxg5 13. Nxg5 Nf4 14. Bh7+ Kh8 15. Qf3 f6 16. Qxf4 fxg5 17. Qxg5 Kxh7 18. Nf3 Bh6 19. Qh4 Rxf3 20. gxf3 Qf8 21. Rae1 Bd7 22. Re3 Qg7+ 23. Kh2 Rg8 0-1

[Event "*** SCC Grand Prix: Titled Tuesday Blitz"]
[Site "Chess.com"]
[Date "2020.10.06"]
[Round "10"]
[White "Parhamov"]
[Black "topotun"]
[Result "1-0"]
[WhiteElo "2957"]
[BlackElo "2767"]
[TimeControl "180+1"]
[EndTime "11:55:53 PDT"]
[Termination "Parhamov won by resignation"]

1. d4 Nf6 2. c4 c5 3. d5 e6 4. Nc3 exd5 5. cxd5 d6 6. e4 g6 7. Nf3 Bg7 8. Bg5 h6 9. Bh4 O-O 10. Nd2 Re8 11. Bb5 Bd7 12. Bxd7 Nbxd7 13. O-O a6 14. a4 Rc8 15. Nc4 g5 16. Bg3 Nxe4 17. Nxe4 Rxe4 18.
Nxd6 Rd4 19. Qf3 Nf6 20. Nxc8 Qxc8 21. d6 Ne4 22. Rfd1 f5 23. Rxd4 Bxd4 24. Qb3+ c4 25. Rc1 Nd2 26. Qc2 f4 1-0

[Event "*** SCC Grand Prix: Titled Tuesday Blitz"]
[Site "Chess.com"]
[Date "2020.10.06"]
[Round "10"]
[White "severomorskij"]
[Black "LiemLe"]
[Result "1-0"]
[WhiteElo "2793"]
[BlackElo "2963"]
[TimeControl "180+1"]
[EndTime "11:56:14 PDT"]
[Termination "severomorskij won by resignation"]

1. d4 Nf6 2. c4 e6 3. Nc3 Bb4 4.
Nf3 b6 5. e3 Bb7 6. Bd3 O-O 7.
O-O d5 8. cxd5 exd5 9. Ne5 Bd6 10.
f4 c5 11. g4 cxd4 12. exd4 Ne4 13. Be3 Nxc3 14. bxc3 f6 15. g5 Qe8 16. Bxh7+ Kxh7 17. g6+ Qxg6+ 18. Nxg6 Kxg6 19. f5+ Kf7 20. Qh5+ Kg8 21. Bf4 Bxf4 22. Rxf4 Nc6 23. Rh4 Rae8 24. Kh1 Re4 25. Rg1 Rxh4 26. Qxh4 Ne7 27. Qf4 Bc8 28. Qc7 Nxf5 29. Qxa7 Re8 30. Qxb6 Ne3 31. Qc6 Rf8 32. Re1 Ng4 33. Re8 1-0

[Event "*** SCC Grand Prix: Titled Tuesday Blitz"]
[Site "Chess.com"]
[Date "2020.10.06"]
[Round "10"]
[White "tlomigtlis"]
[Black "kasparicy"]
[Result "0-1"]
[WhiteElo "2477"]
[BlackElo "2389"]
[TimeControl "180+1"]
[EndTime "11:56:14 PDT"]
[Termination "kasparicy won by checkmate"]

1. d4 f5 2. c4 e6 3. Nc3 Nf6 4. g3 Bd6 5. Bg2 Be7 6. Nf3 d6 7. O-O O-O 8. Bf4 Ne4 9. Qc2 Nxc3 10. bxc3 Nc6 11. Rab1 Bf6 12. Rfe1 e5 13. Be3 f4 14.
gxf4 exf4 15. Bxf4 Bxd4 16. cxd4 Rxf4 17. e3 Rg4 18.
Kh1 Qf6 19. Rg1 Bf5 20. Qb3 Bxb1 21. Qxb7 Rf8 22. Qxb1 Rxg2 23. Rxg2 Qxf3 24. Qb7 Nxd4 25. Qxc7 Nf5 26. Qxa7 g6 27. Qd7 Nh4 28. Qe6+ Rf7 29. Qg4 Qxg2+ 30. Qxg2 Nxg2 31. Kxg2 Ra7 32. Kf3 Rxa2 33.
Ke4 Rxf2 34. Kd5 Rxh2 35. e4 Kf7 36. Kxd6 h5 37. e5 Ke8 38. e6 Rc2 39. c5 h4 40. c6 h3 41. c7 Rxc7 42. Kxc7 h2 43. Kc6 h1=Q+ 44. Kc7 Qe4 45. e7 Qe6 46. Kb8 g5 47. Kc7 g4 48. Kb8 g3 49. Kc7 g2 50.
Kb8 g1=Q 51. Kb7 Qgb6+ 52. Ka8 Qa6+ 53. Kb8 Qec8# 0-1

[Event "*** SCC Grand Prix: Titled Tuesday Blitz"]
[Site "Chess.com"]
[Date "2020.10.06"]
[Round "10"]
[White "Roman_Ovetchkin"]
[Black "RobPeresian"]
[Result "1-0"]
[WhiteElo "2601"]
[BlackElo "2449"]
[TimeControl "180+1"]
[EndTime "11:56:15 PDT"]
[Termination "Roman_Ovetchkin won by resignation"]

1. d4 d5 2. c4 c6 3. Nf3 Nf6 4. Qc2 g6 5. Bf4 Bg7 6. e3 O-O 7. Nc3 Bf5 8. Qb3 Qb6 9. h3 Qxb3 10. axb3 Na6 11. g4 Be4 12. Be2 Nb4 13. Kd2 h6 14.
Ra4 Na6 15. Rha1 g5 16. Bg3 Bxf3 17. Bxf3 dxc4 18. bxc4 Nd7 19. Bxc6 bxc6 20. Rxa6 Nb6 21. b3 Rfd8 22. Kc2 Rac8 23. Rxa7 c5 24. d5 1-0

[Event "*** SCC Grand Prix: Titled Tuesday Blitz"]
[Site "Chess.com"]
[Date "2020.10.06"]
[Round "10"]
[White "draksbg"]
[Black "esrosenberg"]
[Result "0-1"]
[WhiteElo "2530"]
[BlackElo "2296"]
[TimeControl "180+1"]
[EndTime "11:56:15 PDT"]
[Termination "esrosenberg won by resignation"]

1. e4 e5 2. Nf3 Nc6 3. Bc4 Nf6 4. d3 Bc5 5. O-O a6 6. c3 Ba7 7.
a4 d6 8. h3 h6 9. b4 O-O 10. Re1 Re8 11. Bb3 Be6 12. Nbd2 d5 13. Bc2 d4 14. b5 dxc3 15. Nb1 axb5 16. axb5 Nd4 17. Nxc3 Nxf3+ 18. Qxf3 Bxf2+ 19. Qxf2 Rxa1 20. Be3 Rxe1+ 21. Qxe1 Nh5 22. Ne2 Qe7 23. g4 Nf4 24. Nxf4 exf4 25. Bxf4 Qc5+ 26. Qf2 Qxb5 27. d4 Bc4 28. d5 Bd3 29. Bd1 Bxe4 30. Kh2 Qxd5 31. h4 Qxd1 0-1

[Event "*** SCC Grand Prix: Titled Tuesday Blitz"]
[Site "Chess.com"]
[Date "2020.10.06"]
[Round "10"]
[White "AntonovaNadezhda"]
[Black "Evachess2006"]
[Result "1-0"]
[WhiteElo "2081"]
[BlackElo "1621"]
[TimeControl "180+1"]
[EndTime "11:56:19 PDT"]
[Termination "AntonovaNadezhda won on time"]

1. Nf3 Nf6 2. g3 Nc6 3. Bg2 e5 4. d3 d5 5. Nbd2 Be6 6. O-O Be7 7. Re1 O-O 8. b3 Bd6 9. Bb2 Qd7 10. e4 dxe4 11.
Nxe4 Nxe4 12. dxe4 f6 13. Qe2 Bc5 14. Rad1 Qe7 15.
Nd2 Rad8 16. Nc4 Bxc4 17. Qxc4+ Qf7 18. Qxc5 Rd7 19. Bf1 Rfd8 20. Bc4 Rxd1 21. Rxd1 Rxd1+ 22. Kg2 Rg1+ 23. Kxg1 b6 24. Bxf7+ Kxf7 25. Qxc6 Kg6 26. Qxc7 Kh6 27. Qxa7 g6 28. f4 f5 29. Bxe5 fxe4 30.
Kg2 1-0

[Event "*** SCC Grand Prix: Titled Tuesday Blitz"]
[Site "Chess.com"]
[Date "2020.10.06"]
[Round "10"]
[White "parnali1611"]
[Black "juancruzarias"]
[Result "0-1"]
[WhiteElo "2163"]
[BlackElo "2510"]
[TimeControl "180+1"]
[EndTime "11:56:26 PDT"]
[Termination "juancruzarias won on time"]

1. d4 Nf6 2. c4 c5 3. d5 e5 4. Nc3 d6 5. e4 Be7 6. f4 exf4 7. Nf3 Nbd7 8. Bxf4 O-O 9. Bd3 Ng4 10. O-O Re8 11. e5 dxe5 12. Bd2 g6 13. d6 Bxd6 14. Ng5 f5 15.
Bxf5 gxf5 16. Rxf5 Ndf6 17. Rf1 e4 18. h3 e3 19. Be1 Bh2+ 20. Kh1 Qxd1 21. Rxd1 e2 22.
Nxe2 Rxe2 23. hxg4 Be5 24. Rd8+ Kg7 25. Ne6+ Bxe6 26.
Rxa8 Bxc4 0-1

[Event "*** SCC Grand Prix: Titled Tuesday Blitz"]
[Site "Chess.com"]
[Date "2020.10.06"]
[Round "10"]
[White "albi1999"]
[Black "kngopal"]
[Result "1-0"]
[WhiteElo "2601"]
[BlackElo "2273"]
[TimeControl "180+1"]
[EndTime "11:56:27 PDT"]
[Termination "albi1999 won on time"]

1. d4 Nf6 2. c4 c5 3. d5 b5 4. cxb5 a6 5. bxa6 Bxa6 6. Nc3 d6 7. e4 Bxf1 8. Kxf1 g6 9. Nf3 Bg7 10. g3 O-O 11. Kg2 Nbd7 12. a4 Qa5 13. Qe2 Rfb8 14. Ra3 Rb4 15. b3 Ng4 16. Bd2 Qd8 17. Nb5 Qb6 18.
Bxb4 cxb4 19. Ra2 Nc5 20. Qc4 h5 21. h3 Nf6 22. Re1 Rc8 23. Rc2 Rb8 24. e5 Nfd7 25.
exd6 exd6 26. Ree2 Rf8 27. Qxb4 Nf6 28. Qc4 Nb7 29. Qc6 Qxf2+ 30. Rxf2 1-0

[Event "*** SCC Grand Prix: Titled Tuesday Blitz"]
[Site "Chess.com"]
[Date "2020.10.06"]
[Round "10"]
[White "ViktoriyaTarasova"]
[Black "Cocaino74"]
[Result "0-1"]
[WhiteElo "2262"]
[BlackElo "2363"]
[TimeControl "180+1"]
[EndTime "11:56:28 PDT"]
[Termination "Cocaino74 won by resignation"]

1. d4 d5 2. c4 e6 3. Nc3 c6 4.
Nf3 dxc4 5. e3 b5 6. a4 Bb4 7.
Bd2 a5 8. axb5 Bxc3 9. Bxc3 cxb5 10. b3 Bb7 11. bxc4 b4 12. Bb2 Nf6 13. Bd3 Nbd7 14. O-O O-O 15. Nd2 Qc7 16. f3 Rfd8 17. Bc2 Nf8 18.
Qe2 Ng6 19. c5 Ba6 20. Nc4 Nd5 21. g3 Bxc4 22. Qxc4 Nxe3 23. Qb3 Nxf1 24. Rxf1 Qb7 25. Be4 Qb5 26. Bxa8 Rxa8 27. Qe3 Ne7 28. d5 Nxd5 29. Qd4 f6 30. Re1 Re8 31. Kg2 a4 32. Qg4 Qxc5 33.
Rxe6 Ne3+ 34. Rxe3 Qxe3 35. Kh3 Qe6 36. Qxe6+ Rxe6 0-1

[Event "*** SCC Grand Prix: Titled Tuesday Blitz"]
[Site "Chess.com"]
[Date "2020.10.06"]
[Round "10"]
[White "TimofeevAr"]
[Black "Gahan-MG"]
[Result "1-0"]
[WhiteElo "2821"]
[BlackElo "2588"]
[TimeControl "180+1"]
[EndTime "11:56:30 PDT"]
[Termination "TimofeevAr won by resignation"]

1. d4 Nf6 2. c4 e5 3. dxe5 Ng4 4. Nf3 Bc5 5. e3 Nc6 6. Nc3 O-O 7. Be2 Ngxe5 8.
O-O Re8 9. b3 a5 10. Bb2 Nxf3+ 11. Bxf3 Ne5 12. Be2 Ra6 13. Ne4 Ba7 14. Ng3 Rh6 15. Nf5 Rg6 16. Ng3 d6 17. Bd4 Bxd4 18. exd4 Ng4 19. Bxg4 Bxg4 20. Qd2 Qh4 21. Rfe1 Rf8 22.
Qxa5 Rh6 23. Nf1 Rf6 24. Qd2 h5 25. Re4 Rg6 26. f3 f5 27. Rf4 Re6 28. fxg4 hxg4 29.
Ng3 g6 30. Re1 Rfe8 31. Rxe6 Rxe6 32. Rf2 Kf7 33. Re2 Qf6 34. Rxe6 Kxe6 35. Ne2 g5 36.
g3 c5 37. Qe3+ Kd7 38. Kf2 Kc6 39. a3 b6 40. b4 Qh6 41. Kg2 Qh3+ 42. Kg1 f4 43.
d5+ Kb7 44. Qe7+ Ka6 45. b5+ 1-0

[Event "*** SCC Grand Prix: Titled Tuesday Blitz"]
[Site "Chess.com"]
[Date "2020.10.06"]
[Round "10"]
[White "ZverevLev"]
[Black "pavelalexandru07"]
[Result "0-1"]
[WhiteElo "2322"]
[BlackElo "2247"]
[TimeControl "180+1"]
[EndTime "11:56:35 PDT"]
[Termination "pavelalexandru07 won by resignation"]

1. Nf3 g6 2. c4 Bg7 3. d4 Nf6 4. Nc3 O-O 5. e4 d6 6. Bd3 c5 7. d5 e6 8. Bf4 exd5 9. cxd5 Re8 10. Qd2 c4 11. Bc2 Na6 12. O-O-O Nc5 13. Rhe1 b5 14.
e5 b4 15. exf6 Rxe1 16. Rxe1 bxc3 17. Qxc3 Bxf6 18. Qe3 Bb7 19. Qd2 Qb6 20. Bb1 Rc8 21. Bh6 Nd3+ 22. Bxd3 cxd3+ 23. Kb1 Bxd5 24. Ng5 Qa6 25. a3 Qc4 0-1

[Event "*** SCC Grand Prix: Titled Tuesday Blitz"]
[Site "Chess.com"]
[Date "2020.10.06"]
[Round "10"]
[White "Ze-Pequeno"]
[Black "lacafi"]
[Result "0-1"]
[WhiteElo "2228"]
[BlackElo "2112"]
[TimeControl "180+1"]
[EndTime "11:56:35 PDT"]
[Termination "lacafi won by resignation"]

1. e4 c6 2. d4 d5 3. Nc3 dxe4 4. Nxe4 Nf6 5. Nxf6+ exf6 6. c3 Bd6 7. Bd3 O-O 8.
Qc2 h5 9. Ne2 Re8 10. O-O h4 11.
h3 Nd7 12. Bf4 Nf8 13. Bxd6 Qxd6 14. Rfe1 Bd7 15. Qd2 Ne6 16. Bc4 Rad8 17. Rad1 Bc8 18.
Qc1 Qc7 19. Bb3 b6 20. a3 Ba6 21. Bc2 Re7 22. Bd3 Bxd3 23. Rxd3 Rde8 24. Re3 Ng5 25. Rxe7 Qxe7 26. Kf1 Qe6 27. c4 Nxh3 28. gxh3 Qxh3+ 29. Kg1 Re4 30. f3 0-1

[Event "*** SCC Grand Prix: Titled Tuesday Blitz"]
[Site "Chess.com"]
[Date "2020.10.06"]
[Round "10"]
[White "Grandelicious"]
[Black "OhanyanEminChess"]
[Result "0-1"]
[WhiteElo "2773"]
[BlackElo "2604"]
[TimeControl "180+1"]
[EndTime "11:56:36 PDT"]
[Termination "OhanyanEminChess won by resignation"]

1. Nf3 Nf6 2. g3 g6 3. b3 Bg7 4. Bb2 O-O 5. Bg2 d6 6. d4 Nbd7 7. O-O c5 8. c4 cxd4 9. Nxd4 Nc5 10. Nc3 a6 11. Rc1 Rb8 12. h3 Ne6 13. e3 Nxd4 14. exd4 d5 15. Nxd5 Nxd5 16. cxd5 b6 17. Re1 Bb7 18.
Ba3 Re8 19. d6 Bxg2 20. Kxg2 exd6 21. Rxe8+ Qxe8 22. Bxd6 Rd8 23. Bc7 Rxd4 24. Qf3 b5 25. Bb6 Rd6 26. Qb7 Bf8 27. Rc8 Rxb6 28. Qa8 Qe7 29. Kh2 Re6 0-1

[Event "*** SCC Grand Prix: Titled Tuesday Blitz"]
[Site "Chess.com"]
[Date "2020.10.06"]
[Round "10"]
[White "Reader777"]
[Black "OldweakGM"]
[Result "0-1"]
[WhiteElo "2669"]
[BlackElo "2852"]
[TimeControl "180+1"]
[EndTime "11:56:38 PDT"]
[Termination "OldweakGM won by resignation"]

1. d4 d6 2. c4 e5 3. Nf3 e4 4. Ng5 f5 5. Nc3 c6 6. g3 Be7 7. Nh3 Nf6 8. Bg2 Na6 9. O-O O-O 10. f3 d5 11. Nf4 Kh8 12. cxd5 cxd5 13. Qb3 Nc7 14.
Bd2 b6 15. Rac1 Ba6 16. Rfe1 Bc4 17. Qc2 Ba6 18. Nxe4 dxe4 19. Qxc7 Qxd4+ 20. Kh1 Qxd2 21. Qxe7 Rac8 22. Ne6 Rg8 23. Rcd1 Qxb2 24. Ng5 h6 25.
Nf7+ Kh7 26. Qxa7 Bxe2 27. Rb1 Qd2 28. fxe4 fxe4 29. Qxb6 Bf3 30. Bxf3 exf3 31. Qg1 f2 32.
Qf1 Qd5+ 33. Qg2 fxe1=Q+ 34. Rxe1 Qxf7 0-1

[Event "*** SCC Grand Prix: Titled Tuesday Blitz"]
[Site "Chess.com"]
[Date "2020.10.06"]
[Round "10"]
[White "Gusarov91"]
[Black "swimmerchess"]
[Result "0-1"]
[WhiteElo "2576"]
[BlackElo "2798"]
[TimeControl "180+1"]
[EndTime "11:56:43 PDT"]
[Termination "swimmerchess won by checkmate"]

1. d4 Nf6 2. Nf3 g6 3. c4 Bg7 4.
Nc3 O-O 5. Bg5 d6 6. e3 c5 7. d5 h6 8. Bh4 e6 9. dxe6 Bxe6 10. Be2 Nc6 11. O-O g5 12. Bg3 d5 13. cxd5 Nxd5 14.
Nxd5 Qxd5 15. Qxd5 Bxd5 16. Bd6 Rfd8 17. Bxc5 Bxb2 18. Rab1 Bg7 19. a4 b6 20. Ba3 Na5 21. Nd4 Rac8 22. Nf5 Rc2 23. Ne7+ Kh8 24. Ba6 Be6 25.
Rfd1 Rcd2 26. Rxd2 Rxd2 27. Rc1 Nb3 28. Bb4 Rd7 29.
Rc8+ Kh7 30. h3 Rd1+ 31. Kh2 Be5+ 32. f4 gxf4 33. Rc2 fxe3+ 34. g3 Nd4 35. Rc3 Rd2+ 36. Kg1 Nf3+ 37. Kf1 Rf2# 0-1

[Event "*** SCC Grand Prix: Titled Tuesday Blitz"]
[Site "Chess.com"]
[Date "2020.10.06"]
[Round "10"]
[White "Indianlad"]
[Black "ftorodent"]
[Result "0-1"]
[WhiteElo "2905"]
[BlackElo "2693"]
[TimeControl "180+1"]
[EndTime "11:56:48 PDT"]
[Termination "ftorodent won by checkmate"]

1. Nf3 d5 2. b3 Nf6 3. Bb2 c6 4. h3 h6 5. g4 e6 6. d3 Bd6 7. Nbd2 Nbd7 8. e3 e5 9. Rg1 Qe7 10. a3 Nf8 11. Qe2 Ng6 12. Bg2 Bd7 13. c4 O-O 14.
Bh1 e4 15. dxe4 Nxe4 16. Nd4 Nxd2 17. Qxd2 dxc4 18. bxc4 Rad8 19. Qc2 c5 20. Nf5 Bxf5 21.
gxf5 Ne5 22. f4 Nf3+ 23. Kf2 Nxg1 24. f6 Nxh3+ 25. Kf3 Qe6 26. Bg2 Rfe8 27. Re1 Nxf4 28. Bf1 Ng6 29. fxg7 Be5 30. Bc1 Qf6+ 31. Kg2 Qh4 32.
Re2 Qh2+ 33. Kf3 Qg3+ 34. Ke4 Qg4# 0-1

[Event "*** SCC Grand Prix: Titled Tuesday Blitz"]
[Site "Chess.com"]
[Date "2020.10.06"]
[Round "10"]
[White "Sacbutt"]
[Black "HrvojeZagreb"]
[Result "1-0"]
[WhiteElo "2296"]
[BlackElo "2142"]
[TimeControl "180+1"]
[EndTime "11:56:48 PDT"]
[Termination "Sacbutt won by resignation"]

1. e4 e6 2. d4 d5 3. e5 c5 4. c3 Nc6 5. Nf3 Bd7 6. dxc5 Bxc5 7. b4 Bb6 8. b5 Na5 9. Bd3 Rc8 10. O-O Nc4 11.
a4 f6 12. Ra2 f5 13. Nbd2 Nxd2 14. Bxd2 Nh6 15. Bg5 Qc7 16. Rc2 Nf7 17. Re1 h6 18. Bc1 O-O 19. Ba3 Bc5 20. Bxc5 Qxc5 21. Nd4 Qa3 22.
g4 f4 23. Qd2 Ng5 24. h4 Nf7 25. Qxf4 Rxc3 26. Rxc3 Qxc3 27. Qe3 Nxe5 28. Bh7+ Kxh7 29.
Qxc3 1-0

[Event "*** SCC Grand Prix: Titled Tuesday Blitz"]
[Site "Chess.com"]
[Date "2020.10.06"]
[Round "10"]
[White "FMJoseHerrera"]
[Black "tdf98pantani"]
[Result "0-1"]
[WhiteElo "2563"]
[BlackElo "2726"]
[TimeControl "180+1"]
[EndTime "11:56:52 PDT"]
[Termination "tdf98pantani won by resignation"]

1. Nf3 d5 2. g3 Nd7 3. Bg2 e5 4. c4 c6 5. cxd5 cxd5 6. O-O Bd6 7. d3 Ngf6 8. a3 O-O 9. b4 Nb6 10. Bb2 Qe7 11. Nbd2 Bd7 12. Qb3 Na4 13. e4 d4 14. Rac1 Nxb2 15. Qxb2 Rfc8 16. Rxc8+ Rxc8 17. Rc1 Qd8 18. Nc4 Qc7 19. b5 Qc5 20. a4 Be6 21.
Nfd2 Be7 22. Rb1 Nd7 23. f4 f6 24. a5 a6 25. bxa6 bxa6 26. Qb7 Qc6 27. Qxc6 Rxc6 28. Rb7 Bf8 29. Kf2 Nc5 30. Rb6 Nxd3+ 31. Ke2 Nb4 32. fxe5 Bxc4+ 33. Nxc4 Rxc4 34. exf6 gxf6 35. Bh3 d3+ 36. Ke3 Bc5+ 37. Kd2 Rc2+ 0-1

[Event "*** SCC Grand Prix: Titled Tuesday Blitz"]
[Site "Chess.com"]
[Date "2020.10.06"]
[Round "10"]
[White "annamaja"]
[Black "kreonx"]
[Result "1-0"]
[WhiteElo "2276"]
[BlackElo "2344"]
[TimeControl "180+1"]
[EndTime "11:56:53 PDT"]
[Termination "annamaja won by resignation"]

1. e4 c6 2. d4 d5 3. e5 c5 4. c3 Nc6 5. Nf3 Bg4 6. Bb5 e6 7. Bxc6+ bxc6 8. O-O Qb6 9. Nbd2 c4 10. h3 Bh5 11. b3 cxb3 12. axb3 c5 13. dxc5 Bxc5 14. b4 Be7 15. Qa4+ Kf8 16. Nd4 Nh6 17.
g4 Bg6 18. f4 Bd3 19. Rf3 Be4 20.
Nxe4 dxe4 21. Re3 g6 22. Rxe4 Kg7 23. f5 exf5 24. Bxh6+ Kxh6 25. gxf5 gxf5 26. Rf4 Rhg8+ 27. Kh2 Rg5 28. Nxf5+ Rxf5 29. Rxf5 Qe3 30. Qc6+ Kg7 31. Rg1+ Kh8 32. Qxa8+ 1-0

[Event "*** SCC Grand Prix: Titled Tuesday Blitz"]
[Site "Chess.com"]
[Date "2020.10.06"]
[Round "10"]
[White "GustavoJuarezF"]
[Black "Colombiano07"]
[Result "1/2-1/2"]
[WhiteElo "2042"]
[BlackElo "2274"]
[TimeControl "180+1"]
[EndTime "11:56:53 PDT"]
[Termination "Game drawn - insufficient material"]

1. e4 e6 2. d3 d5 3. Nd2 Nf6 4. g3 Bc5 5. Bg2 dxe4 6. dxe4 Nc6 7. Ngf3 e5 8. O-O O-O 9. h3 h6 10. Qe2 Be6 11. c3 Qd7 12. Kh2 Rad8 13. Nb3 Bb6 14. Be3 Qd3 15. Qxd3 Rxd3 16. Bxb6 axb6 17. Rad1 Rfd8 18.
Rxd3 Rxd3 19. Nfd2 Na5 20. Kg1 Nxb3 21. Nxb3 Bxb3 22. axb3 Rd2 23. Rb1 Nd7 24. Kf1 Nc5 25.
Ke1 Nxb3 26. Bf1 Rd6 27. Bc4 Nc5 28. f3 Nd3+ 29. Bxd3 Rxd3 30. Ke2 Rd6 31. Ra1 b5 32. Ra7 Rb6 33. Ra8+ Kh7 34. Rc8 c6 35. Rc7 Kg6 36. b4 Kf6 37. Ke3 g5 38. f4 gxf4+ 39. gxf4 exf4+ 40.
Kxf4 Ke6 41. e5 f6 42. exf6 Kxf6 43. Rh7 Kg6 44. Rc7 Kf6 45. h4 Ke6 46. Rh7 Kd5 47. Rxh6 Kc4 48. Re6 Kxc3 49. h5 Kxb4 50. h6 Ra6 51. h7 Ra8 52. Re7 Kc3 53. Rxb7 b4 54. Rc7 b3 55. Rxc6+ Kd2 56. Rb6 Kc2 57. Kg5 b2 58. Kg6 b1=Q 59. Rxb1 Kxb1 60. Kg7 Ra7+ 61.
Kg8 Rxh7 62. Kxh7 1/2-1/2

[Event "*** SCC Grand Prix: Titled Tuesday Blitz"]
[Site "Chess.com"]
[Date "2020.10.06"]
[Round "10"]
[White "Leonid_Starozhilov"]
[Black "Omk124"]
[Result "0-1"]
[WhiteElo "2666"]
[BlackElo "2500"]
[TimeControl "180+1"]
[EndTime "11:56:55 PDT"]
[Termination "Omk124 won on time"]

1. e4 g6 2. d3 Bg7 3. h4 h5 4.
Nh3 d6 5. Ng5 Nf6 6. Be2 O-O 7.
Nc3 c5 8. Be3 Nc6 9. Qd2 Ng4 10.
Bxg4 Bxg4 11. f3 Bd7 12. g4 hxg4 13. h5 Qb6 14. O-O-O Nb4 15. d4 cxd4 16. Bxd4 Qxd4 17. Qxd4 Bxd4 18. Rxd4 Nc6 19. Rd2 f6 20. hxg6 fxg5 21. fxg4 Kg7 22. Nd5 Kxg6 23. Rdh2 Rac8 24. Rh7 Rf1+ 25.
Kd2 Rxh1 26. Rxh1 Bxg4 27. Rg1 Bd7 28. c3 e6 29. Nf4+ Kf6 30. Nh5+ Kf7 31. Rxg5 Rg8 32. Rxg8 Kxg8 33. Nf6+ Kf7 34. Ng4 e5 35. Ne3 Be6 36. b3 Ne7 37. Nc2 d5 38. exd5 Nxd5 39. c4 Ne7 40. Ne3 Kf6 41. a4 Kg5 42. a5 Nc6 43. a6 bxa6 44. Kc3 Kf4 45. Nc2 a5 46. Na3 a6 47. Nb1 e4 48. Nd2 e3 0-1

[Event "*** SCC Grand Prix: Titled Tuesday Blitz"]
[Site "Chess.com"]
[Date "2020.10.06"]
[Round "10"]
[White "kidagent"]
[Black "IngOscarArdila"]
[Result "1-0"]
[WhiteElo "2285"]
[BlackElo "2128"]
[TimeControl "180+1"]
[EndTime "11:56:55 PDT"]
[Termination "kidagent won on time"]

1. e4 e5 2. Nf3 Nc6 3. Bb5 a6 4.
Ba4 Nf6 5. O-O b5 6. Bb3 Be7 7. Re1 O-O 8. a4 Rb8 9. d3 d6 10. c3 Na5 11. Bc2 c5 12. Nbd2 Nc6 13. axb5 axb5 14.
Nf1 Re8 15. Ng3 g6 16. h3 Bf8 17. Bg5 Bg7 18. Qd2 Qc7 19. Rac1 Be6 20. d4 cxd4 21.
cxd4 exd4 22. Nxd4 Nxd4 23. Qxd4 Nd7 24. Qb4 Nc5 25.
Bb1 Qb6 26. Be3 Rbc8 27. Red1 Qb7 28. Ne2 Nb3 29. Rxc8 Rxc8 30. Nd4 Nxd4 31. Bxd4 Be5 32. Bd3 Bc4 33. Bxe5 1-0

[Event "*** SCC Grand Prix: Titled Tuesday Blitz"]
[Site "Chess.com"]
[Date "2020.10.06"]
[Round "10"]
[White "Ranindu2003"]
[Black "korkmaz16"]
[Result "0-1"]
[WhiteElo "2596"]
[BlackElo "2397"]
[TimeControl "180+1"]
[EndTime "11:56:57 PDT"]
[Termination "korkmaz16 won by resignation"]

1. e4 e6 2. d4 d5 3. Nd2 Nf6 4. e5 Nfd7 5. Bd3 c5 6. c3 Nc6 7.
Ngf3 Qb6 8. O-O cxd4 9. cxd4 Nxd4 10. Nxd4 Qxd4 11. Nf3 Qb6 12. a3 Nc5 13. Bc2 Bd7 14.
b4 Ne4 15. Be3 Qd8 16. Qb1 Nc3 17. Qb3 Rc8 18. a4 a6 19. Bd3 Be7 20. Nd2 b5 21. a5 O-O 22. f4 Na4 23. Bd4 f6 24. Qd1 f5 25. Rxa4 bxa4 26. Bb6 Qe8 27. Bxa6 Rc3 28. Qb1 Bb5 29. Bd4 Rd3 30. Nf3 Bxa6 31. Rc1 Qb5 32. Rc7 Bxb4 33. h3 Rxd4 34. Nxd4 Bc5 35. Qxb5 Bxd4+ 36. Kh2 Bxb5 37. Rb7 Bc4 38. Rb4 a3 39. Ra4 a2 40. a6 a1=Q 0-1

[Event "*** SCC Grand Prix: Titled Tuesday Blitz"]
[Site "Chess.com"]
[Date "2020.10.06"]
[Round "10"]
[White "Fins0905"]
[Black "Itk04"]
[Result "1-0"]
[WhiteElo "2649"]
[BlackElo "2476"]
[TimeControl "180+1"]
[EndTime "11:56:59 PDT"]
[Termination "Fins0905 won by checkmate"]

1. e4 e6 2. d3 d5 3. Nd2 Nf6 4. Ngf3 Nc6 5. c3 e5 6. Be2 Be7 7. O-O O-O 8. b4 a6 9. a3 Be6 10. Re1 b5 11. Bb2 dxe4 12. dxe4 h6 13. c4 bxc4 14.
Bxc4 Qd6 15. Qc2 Rfd8 16. Rac1 Na7 17. Bxe5 Qb6 18. Bxe6 Qxe6 19. Bxc7 Rd7 20. Be5 Nb5 21. Bb2 Rad8 22. Nb3 Nh5 23. a4 Na7 24. Nc5 Bxc5 25.
Qxc5 Nf4 26. h3 Rd3 27. Qe5 Rxf3 28. Qxg7# 1-0